AoeStats
← Camargo

Arabia

506440963Analyzed
1v1 RM · 18d ago on Sep 13, 2026· 51m 12s· 2 players
Game mode
Random Map
Map size
Tiny (2 player)
Population
200
Speed
Normal
Resources
Standard
Victory
Conquest
Starting age
Dark Age
Ending age
Imperial Age
RankedLock teamsTeams togetherTeam positionsShared explorationLock speedFull tech treeHidden civsTurbo modeCheats
Victory
Defeat
🇨🇳 Chinese · China
917
+15
🇨🇴 Aztecs · Colombia
892
-15
Camargo
6:58 Loom
9:54 Feudal Age
12:20 Double-Bit Axe
16:21 Padded Archer Armor
19:53 Fletching
23:44 Castle Age
23:49 Elite Skirmisher
25:14 Bodkin Arrow
25:20 Scale Mail Armor
25:32 Forging
25:09 Eagle Warrior
25:50 Squires
25:36 Gambesons
28:28 Horse Collar
32:05 Arson
32:59 Chain Mail Armor
36:52 Bow Saw
37:10 Leather Archer Armor
37:50 Gold Mining
37:51 Stone Mining
40:14 Wheelbarrow
43:31 Hand Cart
43:33 Heavy Plow
48:42 Imperial Age
48:42 Iron Casting
49:57 Elite Eagle Warrior
51:56 Chemistry
51:16 Ballistics
280897526
0:32 Loom
9:42 Feudal Age
10:41 Double-Bit Axe
10:38 Horse Collar
13:23 Wheelbarrow
13:12 Town Watch
16:02 Gold Mining
16:10 Fletching
16:21 Padded Archer Armor
22:47 Stone Mining
26:30 Castle Age
26:38 Crossbowman
27:23 Thumb Ring
26:39 Elite Skirmisher
27:19 Bodkin Arrow
27:39 Bow Saw
28:06 Gold Shaft Mining
28:48 Fervor
29:29 Stone Shaft Mining
29:12 Heavy Plow
30:39 Leather Archer Armor
31:46 Hand Cart
32:58 Town Patrol
34:13 Sanctity
34:02 Husbandry
34:46 Bloodlines
35:33 Ballistics
35:58 Masonry
36:12 Murder Holes
38:46 Great Wall
45:11 Imperial Age
46:19 Conscription
45:21 Elite Chu Ko Nu
45:27 Heavy Rocket Cart
46:25 Bracer
47:08 Sappers
48:51 Chemistry
50:12 Ring Archer Armor
50:08 Bombard Tower
49:35 Arrowslits
52:21 Two-Man Saw
51:59 Block Printing
Connection lost

Rejoining the realm…

Still unreachable

The connection could not be restored.

Session expired

The server has moved on; the page needs a fresh start.